 Dungeon Crawl Stone Soup version 0.28.0-53-g5a82cb258f (webtiles) character file.

Game seed: 14960673624310355761

19 DemonSlayer the Firebug (level 2, 0/19 HPs)
             Began as a Demonspawn Fire Elementalist on July 26, 2022.
             Slain by a hobgoblin (2 damage)
             ... on level 1 of the Dungeon.
             The game lasted 00:01:20 (754 turns).

DemonSlayer the Firebug (DsFE)                       Turns: 754, Time: 00:01:21

Health: 0/19       AC:  2    Str:  8    XL:     2   Next: 55%
Magic:  1/5        EV: 12    Int: 16    God:
Gold:   29         SH:  0    Dex: 13    Spells: 2/5 levels left

rFire   . . .      SeeInvis .   c - +0 short sword
rCold   . . .      Faith    .   (no shield)
rNeg    . . .      Spirit   .   a - +0 robe
rPois   .          Reflect  .   (no helmet)
rElec   .          Harm     .   (no cloak)
rCorr   .          Rampage  .   (no gloves)
Will    .....                   (no boots)
Stlth   ++........              (no amulet)
HPRegen 0.06/turn               (no ring)
MPRegen 0.09/turn               (no ring)

@: no status effects
A: ignite blood 1
a: no special abilities


You were on level 1 of the Dungeon.
You visited 1 branch of the dungeon, and saw 1 of its levels.

You collected 29 gold pieces.

Inventory:

Hand Weapons
 c - a +0 short sword (weapon)
Armour
 a - a +0 robe (worn)
Jewellery
 b - a ring of positive energy


   Skills:
 + Level 2.0 Dodging
 + Level 1.8 Stealth
 + Level 0.1 Unarmed Combat
 + Level 2.1 Spellcasting
 + Level 1.0 Conjurations
 + Level 3.2 Fire Magic


You had 2 spell levels left.
You knew the following spells:

 Your Spells              Type           Power      Damage    Failure   Level
a - Foxfire               Conj/Fire      32%        2x1d5     9%          1
b - Scorch                Fire           24%        2d6       9%          2

Your spell library contained the following spells:

 Spells                   Type           Power      Damage    Failure   Level
 Conjure Flame            Conj/Fire      8%         6-21      26%         3
 Inner Flame              Hex/Fire       6%         N/A       30%         3
 Flame Wave               Conj/Fire      8%         2d5       63%         4


Dungeon Overview and Level Annotations

Branches:
Dungeon (1/15)

Altars:


Innate Abilities, Weirdness & Mutations

Your demonic aura sometimes causes spilled blood to erupt in flames.


Message History

A hobgoblin comes into view.
The hobgoblin shouts!
Your foxfire dissipates!
An endoplasm comes into view.
Found 22 arrows.
The endoplasm quivers.
The endoplasm freezes you.
You are frozen.
You are too depleted to draw on your mana recklessly!
You are too depleted to draw on your mana recklessly!
You hit the endoplasm.
The endoplasm is lightly wounded.
The endoplasm barely misses you.
You hit the endoplasm.
The endoplasm is heavily wounded.
The endoplasm hits you.
You hit the endoplasm.
The endoplasm is severely wounded.
The hobgoblin hits you. The endoplasm hits you.
You are too injured to fight recklessly!
You are too injured to fight recklessly!
You hit the hobgoblin.
The hobgoblin is severely wounded.
The hobgoblin barely misses you. The endoplasm freezes you.
You are frozen.
* * * LOW HITPOINT WARNING * * *
Unknown command.
You hit the endoplasm.
You kill the endoplasm!
The hobgoblin hits you.
* * * LOW HITPOINT WARNING * * *
You barely miss the hobgoblin.
The hobgoblin is severely wounded.
The hobgoblin hits you.
* * * LOW HITPOINT WARNING * * *
You barely miss the hobgoblin.
The hobgoblin is severely wounded.
The hobgoblin hits you.
You die...

## #. (. . #.#.#.# ..
#..#..# .#. #..#.. ....
##.§ .#... #..##J.#.#..
#$.#@g.._...
#.....#.....
#####..##....#..
#......v....#..
#..>#..#......
######........##.+..
####.....†)###..........
.......##..# ####.......
.#####.....#######...


You could see an endoplasm and a hobgoblin.

Vanquished Creatures
  A dart slug (D:1)
  A bat (D:1)
  An endoplasm (D:1)
  A giant cockroach (D:1)
  2 goblins (D:1)
  A hobgoblin (D:1)
  3 kobolds (D:1)
  2 ball pythons (D:1)
  A frilled lizard (D:1)
  2 rats (D:1)
15 creatures vanquished.

Vanquished Creatures (others)
  72 foxfires (D:1)
72 creatures vanquished.

Grand Total: 87 creatures vanquished

Notes
Turn   | Place    | Note
-------+----------+-------------------------------------------
     0 | D:1      | DemonSlayer the Demonspawn Fire Elementalist began the
                  | quest for the Orb.
     0 | D:1      | Reached XP level 1. HP: 13/13 MP: 3/3
   129 | D:1      | Reached skill level 3 in Fire Magic
   266 | D:1      | Gained mutation: Your demonic aura sometimes causes spilled
                  | blood to erupt in flames. [demonic ancestry]
   266 | D:1      | Reached XP level 2. HP: 9/19 MP: 0/5
   269 | D:1      | Learned a level 2 spell: Scorch
   745 | D:1      | Found a faded altar of an unknown god.
   754 | D:1      | Slain by a hobgoblin

Illustrated notes

Levels and vault maps discovered:
D:1:      dpeg_arrival_pond, layout_rooms, hellmonk_ecumenical_altar_blasted,
          kennysheep_pointless_box, corexii_hall_statues_l

Skill      XL: |  1  2 |
---------------+-------+-----
Fire Magic     | 3 |  3.2
Dodging        | 2 |  2.0
Stealth        | |  1.8
Unarmed Combat | |  0.1
Spellcasting   | |  2.1
Conjurations   | |  1.0

Action                   || total
-------------------------++-------
Melee: Unarmed           ||    23
       Punch             ||     1
       Short sword       ||     7
 Cast: Foxfire           ||    41
Armor: Robe              ||    18
Dodge: Dodged            ||    31
